 Dungeon Crawl Stone Soup version 0.26.1-2-gb8aa6d0cf2 (webtiles) character file.

Game seed: 14322114699430798770

101 Gadfly the Cudgeller (level 4, -1/41 HPs)
             Began as a Troll Artificer on Feb 25, 2021.
             Slain by a gnoll
             ... wielding a cursed -1 halberd
              (13 damage)
             ... on level 3 of the Dungeon.
             The game lasted 00:03:21 (2021 turns).

Gadfly the Cudgeller (Troll Artificer)              Turns: 2021, Time: 00:03:21

Health: -1/41      AC:  7    Str: 21    XL:     4   Next: 48%
Magic:  3/3        EV: 10    Int:  7    God:
Gold:   136        SH:  0    Dex: 10    Spells: 3/3 levels left

rFire    + . .     SeeInvis .   a - +1 whip
rCold    . . .     Faith    .   (no shield)
rNeg     . . .     Spirit   .   b - +1 robe
rPois    +         Reflect  .   (helmet restricted)
rElec    .         Harm     .   (no cloak)
rCorr    .         Rampage  .   (gloves unavailable)
Will     .....                  (boots unavailable)
Stlth    +.........             (no amulet)
HPRegen  0.53/turn              l - ring of protection from fire
MPRegen  0.08/turn              m - ring of poison resistance

@: no status effects
A: large, unfitting armour, claws 3, regeneration 1, shaggy fur 1, tough skin 3
a: no special abilities


You were on level 3 of the Dungeon.
You visited 1 branch of the dungeon, and saw 3 of its levels.

You collected 136 gold pieces.

Inventory:

Hand Weapons
 a - a +1 whip (weapon)
Armour
 b - a +1 robe (worn)
Jewellery
 l - a ring of protection from fire (left claw)
 m - a ring of poison resistance (right claw)
Wands
 c - a wand of flame (15) (quivered)
 d - a wand of enslavement (18)
 e - a wand of random effects (15)
Scrolls
 g - a scroll of teleportation
 i - 2 scrolls of remove curse
 j - 3 scrolls of identify
Potions
 f - a potion of lignification {unknown}
 k - a potion of flight


   Skills:
 + Level 1.6 Fighting
 * Level 2.2 Maces & Flails
 * Level 2.0 Armour
 - Level 1.9 Dodging
 - Level 0.3 Stealth
 - Level 2.1 Evocations


You had 3 spell levels left.
You didn't know any spells.
Your spell library was empty.

Dungeon Overview and Level Annotations

Branches:
Dungeon (3/15)

Altars:
Wu Jian


Innate Abilities, Weirdness & Mutations

You are too large for most types of armour.
You have claws for hands.
Your natural rate of healing is unusually fast.
You are covered in fur. (AC +1)
You have extremely tough skin. (AC +3)


Message History

You tear a large gash into the net.
You struggle against the net.
You struggle against the net.
The gnoll barely misses you.
You rip the net and break free!
The gnoll hits you from afar with a cursed -1 halberd!
The gnoll closely misses you.
You closely miss the gnoll.
The gnoll hits you with a cursed -1 halberd!
* * * LOW HITPOINT WARNING * * *
You completely miss the gnoll. The gnoll barely misses you.
You hit the gnoll.
The gnoll is moderately wounded.
You feel better. The gnoll barely misses you.
You hit the gnoll.
The gnoll is severely wounded.
The gnoll hits you but does no damage.
You barely miss the gnoll.
The gnoll is severely wounded.
The gnoll hits you with a cursed -1 halberd!
You die...

## .# .### ## .(.
..#
###.########.###..##
......)g@...........
###.#######.......##
#......... #.......#
#######....>..#
))>.....†.....#
########..#...##
..............#
#######......##


You could see a gnoll.

Vanquished Creatures
  2 gnolls (D:3)
  3 adders
  An ooze (D:1)
  A worm (D:3)
  7 giant cockroaches
  4 goblins (D:1)
  4 hobgoblins
  2 ball pythons
  9 bats
  3 frilled lizards
  8 kobolds
  7 rats
51 creatures vanquished.

Notes
Turn   | Place    | Note
-------+----------+-------------------------------------------
     0 | D:1      | Gadfly the Troll Artificer began the quest for the Orb.
     0 | D:1      | Reached XP level 1. HP: 18/18 MP: 0/0
    19 | D:1      | You fall into a shaft and drop 1 floor!
   121 | D:1      | Reached skill level 1 in Fighting
   132 | D:1      | Reached XP level 2. HP: 23/27 MP: 1/1
   169 | D:1      | Reached skill level 1 in Maces & Flails
   260 | D:1      | Reached skill level 1 in Armour
   664 | D:1      | Reached XP level 3. HP: 33/33 MP: 2/2
  1692 | D:2      | Found an ornate altar of the Wu Jian Council.
  1820 | D:3      | Reached XP level 4. HP: 38/41 MP: 3/3
  2021 | D:3      | Slain by a gnoll

Illustrated notes

Levels and vault maps discovered:
D:1:      scummos_arrival_forest, layout_basic
D:2:      layout_basic, lemuel_round_altar, grunt_ministairs_14
D:3:      layout_basic, fedhas_altar_4

Skill      XL: |  1  2  3  4 |
---------------+-------------+-----
Fighting       | 1 |  1.6
Maces & Flails | 1 2 |  2.2
Armour         | 1 2 |  2.0
Dodging        | |  1.9
Stealth        | |  0.3
Evocations     | |  2.1

Action                   |  1- 3 |  4- 6 || total
-------------------------+-------+-------++-------
Melee: Whip              |   144 |    51 ||   195
       Club              |    13 |       ||    13
  Use: Scroll            |     8 |     1 ||     9
       Potion            |       |     1 ||     1
 Stab: Sleeping          |     1 |       ||     1
Armor: Robe              |    66 |    23 ||    89
Dodge: Dodged            |    83 |    31 ||   114
